 Dungeon Crawl Stone Soup version 0.26.1-10-gdfb7c7de75 (webtiles) character file.

Game seed: 4710353071483015174

36 Weaver the Vexing (level 3, 0/15 HPs)
             Began as a Felid Enchanter on Apr 3, 2021.
             Slain by an adder (3 damage)
             ... on level 2 of the Dungeon.
             The game lasted 00:07:03 (1563 turns).

Weaver the Vexing (Felid Enchanter)                 Turns: 1563, Time: 00:07:04

Health: 0/15       AC:  1    Str:  4    XL:     3   Next: 19%
Magic:  1/7        EV: 18    Int: 16    God:
Gold:   6          SH:  0    Dex: 17    Spells: 3/6 levels left
                                        Lives:  0   Deaths: 0

rFire    . . .     SeeInvis +     - Unarmed
rCold    . . .     Faith    .   (shield unavailable)
rNeg     . . .     Spirit   .   (armour unavailable)
rPois    .         Reflect  .   (helmet unavailable)
rElec    .         Harm     .   (cloak unavailable)
rCorr    .         Rampage  .   (gloves unavailable)
Will     .....                  (boots unavailable)
Stlth    +++.......             (no amulet)
HPRegen  0.05/turn              (no ring)
MPRegen  0.10/turn              (no ring)

@: lethally poisoned (0 -> -6), attractive, very slightly contaminated,
invisible, quick
A: very small, no armour, no weapons or thrown items, stealth, claws 1, fangs 3,
see invisible, speed 1, shaggy fur 1, sharp paws
a: no special abilities


You were on level 2 of the Dungeon.
You visited 1 branch of the dungeon, and saw 2 of its levels.

You collected 6 gold pieces.

Inventory:

Jewellery
 g - an uncursed ring of protection from cold {unknown}
Scrolls
 a - a scroll of noise {unknown}
 b - a scroll of identify {unknown}
 e - 2 scrolls of remove curse {unknown}
 i - a scroll of fear {unknown}
Potions
 c - a potion of attraction
 f - a potion of curing {unknown}
 h - a potion of might {unknown}


   Skills:
 + Level 0.9 Fighting
 + Level 3.1 Dodging
 * Level 4.5 Stealth
 + Level 1.4 Unarmed Combat
 + Level 2.1 Spellcasting
 * Level 5.0 Hexes


You had 3 spell levels left.
You knew the following spells:

 Your Spells              Type           Power        Failure   Level
a - Corona                Hex            18%          2%          1
b - Ensorcelled Hibernat  Hex/Ice        18%          11%         2

Your spell library contained the following spells:

 Spells                   Type           Power        Failure   Level
 Confusing Touch          Hex            17%          8%          3
 Tukima's Dance           Hex            17%          8%          3
 Dazzling Flash           Conj/Hex       18%          22%         3


Dungeon Overview and Level Annotations

Branches:
Dungeon (2/15)

Altars:

Annotations:
D:2 Robin


Innate Abilities, Weirdness & Mutations

You cannot wear armour.
You are incapable of wielding weapons or throwing items.
Your paws allow you to move quietly. (Stealth)
You have sharp claws.
You have razor-sharp teeth.
You have supernaturally acute eyesight. (SInv)
You cover ground quickly.
You are covered in fur. (AC +1)
Your sharp claws are effective at attacking unaware monsters.


Message History

Confirm with . or Enter, or press ? or * to list all spells.
Aiming: Ensorcelled Hibernation (safe; 11% risk of failure)
Press: ? - help, Shift-Dir - straight line, f/p - adder
Aim: an adder (chance to affect: 50%)
The adder resists with some effort.
You feel sick. The adder misses you.
You completely miss the adder. The adder bites you.
You miss the adder.
You feel sick. The adder closely misses you. The adder bites you.
* * * LOW HITPOINT WARNING * * *
It was a potion of attraction.
You feel attractive to monsters. The adder misses you.
You miss the adder.
* * * LOW HITPOINT WARNING * * *
You feel sick. The adder completely misses you.
It was a potion of invisibility.
You fade into invisibility!
The adder completely misses you.
You barely miss the adder. The adder bites you.
You die...

###################
.............<)...
#.......########## #@#
##.###########
#.####S###.............
.......?.....#####......
##.[###...........).....
# ..........####.......
####.##...# ##......
#.##...# #......
..##...# #......
........# #.##..#


You could see an adder.

Vanquished Creatures
  An ooze (D:1)
  A worm (D:2)
  3 dart slugs
  2 leopard geckos (D:1)
  2 giant cockroaches
  4 goblins
  A hobgoblin (D:1)
  4 kobolds
  A bat (D:1)
  A rat (D:1)
20 creatures vanquished.

Vanquished Creatures (others)
  A plant (D:1)
1 creature vanquished.

Grand Total: 21 creatures vanquished

Notes
Turn   | Place    | Note
-------+----------+-------------------------------------------
     0 | D:1      | Weaver the Felid Enchanter began the quest for the Orb.
     0 | D:1      | Reached XP level 1. HP: 7/7 MP: 4/4
   163 | D:1      | Reached XP level 2. HP: 12/12 MP: 6/6
   924 | D:2      | Noticed Robin
  1014 | D:1      | Reached XP level 3. HP: 9/15 MP: 7/7
  1136 | D:2      | Reached skill level 5 in Hexes
  1303 | D:2      | Learned a level 2 spell: Ensorcelled Hibernation
  1563 | D:2      | Slain by an adder

Illustrated notes

Levels and vault maps discovered:
D:1:      nzn_arrival_crosshair, layout_loops_ring, serial_bayou_lagoon_b
D:2:      minmay_general_purpose_star, layout_loops_ring, skrybe_limestone_x,
          eino_curves_01, hangedman_decor_points, uniq_robin, uniq_natasha

Skill      XL: |  1  2  3 |
---------------+----------+-----
Dodging        | 3 |  3.1
Hexes          | 5 |  5.0
Fighting       | |  0.9
Stealth        | |  4.5
Unarmed Combat | |  1.4
Spellcasting   | |  2.1

Action                   || total
-------------------------++-------
Melee: Unarmed           ||    89
       Bite              ||     9
       Punch             ||     1
 Cast: Ensorcelled Hiber ||     3
  Use: Potion            ||     2
 Stab: Sleeping          ||     8
Armor: Skin              ||     4
Dodge: Dodged            ||    65
